 Dungeon Crawl Stone Soup version 0.22-a0-40-g3d2f077 (webtiles) character file.

165 gmonis the Cudgeler (level 5, -2/46 HPs)
             Began as a Minotaur Berserker on Jan 4, 2018.
             Was a Believer of Trog.
             Slain by an adder (4 damage)
             ... on level 2 of the Dungeon.
             The game lasted 00:06:48 (2302 turns).

gmonis the Cudgeler (Minotaur Berserker)            Turns: 2302, Time: 00:06:49

Health: -2/46      AC:  5    Str: 22    XL:     5   Next: 21%
Magic:  4/4        EV: 11    Int:  4    God:    Trog [**....]
Gold:   177        SH:  3    Dex: 10    Spells: 4/4 levels left

rFire    x . .     SeeInvis .   a - +0 mace
rCold    + . .     Gourm    .   (no shield)
rNeg     . . .     Faith    .   i - +0 ring mail
rPois    .         Spirit   .   (helmet restricted)
rElec    .         Reflect  +   (no cloak)
rCorr    +         Harm     .   (no gloves)
MR       ++...                  (no boots)
Stlth    ..........             q - +3 amulet of reflection
HPRegen  1.15/turn              o - ring of ice
MPRegen  0.09/turn              p - ring of resist corrosion

@: lethally poisoned (-2 -> -3), regenerating
A: retaliatory headbutt, horns 2
a: Berserk, Trog's Hand, Burn Spellbooks, Renounce Religion


You were on level 2 of the Dungeon.
You worshipped Trog.
Trog was pleased with you.
You were hungry.

You visited 1 branch of the dungeon, and saw 3 of its levels.

You collected 177 gold pieces.

Inventory:

Hand Weapons
 a - a +0 mace (weapon)
 b - a +0 hunting sling
Missiles
 m - 39 stones (quivered)
Armour
 f - a +0 animal skin
 i - a +0 ring mail (worn)
Jewellery
 o - a ring of ice (left hand)
 p - a ring of resist corrosion (right hand)
 q - a +3 amulet of reflection (around neck)
Scrolls
 d - 6 scrolls of remove curse {unknown}
 h - a scroll of identify {unknown}
 k - 3 scrolls of immolation {unknown}
 n - a scroll of enchant weapon {unknown}
Potions
 e - 2 potions of ambrosia {unknown}
 g - a potion of mutation {unknown}
 j - 2 potions of curing {unknown}
 l - a potion of heal wounds {unknown}
Comestibles
 c - 3 rations


   Skills:
 - Level 3.9 Fighting
 + Level 7.0 Maces & Flails
 - Level 2.5 Armour
 - Level 2.3 Dodging


You had 4 spell levels left.
You didn't know any spells.

Dungeon Overview and Level Annotations

Branches:
Dungeon (3/15)

Altars:
Gozag
Nemelex Xobeh
Uskayaw


Innate Abilities, Weirdness & Mutations

You reflexively headbutt those who attack you in melee.
You have a pair of horns on your head.


Message History

* * * LOW HITPOINT WARNING * * *
You are more poisoned.
The adder poisons you!
* * * LOW HITPOINT WARNING * * *
You feel sick.
* * * LOW HITPOINT WARNING * * *
You feel sick.
Found a runed helmet.
There is a stone staircase leading up here.
* * * LOW HITPOINT WARNING * * *
You feel sick.
The adder bites you but does no damage. x2
You climb upwards.
* * * LOW HITPOINT WARNING * * *
You feel sick.
There is a stone staircase leading down here.
Your skin crawls.
You feel resistant to hostile enchantments.
You are feeling hungry.
You feel sick. The adder bites you.
You die...

######### #@S.....#
#.......#
#########.......#
#.......#.......#
#.......#.......#
##...............#
#........#.......#
#........#.......#
###........#.......#


You could see an adder.

Vanquished Creatures
  An orc wizard (D:3)
  4 gnolls
  2 adders
  An ooze (D:2)
  3 worms
  A dart slug (D:1)
  7 orcs (D:3)
  3 giant cockroaches (D:1)
  9 goblins
  4 hobgoblins
  2 quokkas (D:3)
  A ball python (D:1)
  6 bats
  2 frilled lizards
  6 kobolds
  5 rats
57 creatures vanquished.

Notes
Turn   | Place    | Note
-------+----------+-------------------------------------------
     0 | D:1      | gmonis the Minotaur Berserker began the quest for the Orb.
     0 | D:1      | Reached XP level 1. HP: 19/19 MP: 0/0
    91 | D:1      | Reached XP level 2. HP: 24/27 MP: 1/1
   143 | D:1      | Reached skill level 4 in Maces & Flails
   321 | D:1      | Reached XP level 3. HP: 27/33 MP: 2/2
   474 | D:1      | Reached skill level 5 in Maces & Flails
   604 | D:2      | Reached ** piety under Trog
  1118 | D:2      | Reached XP level 4. HP: 40/40 MP: 3/3
  1128 | D:2      | Reached skill level 6 in Maces & Flails
  1515 | D:2      | Found a sparkling altar of Nemelex Xobeh.
  1516 | D:2      | Found an opulent altar of Gozag.
  1549 | D:2      | Found a hide-covered altar of Uskayaw.
  2196 | D:3      | Reached XP level 5. HP: 35/46 MP: 4/4
  2280 | D:3      | Reached skill level 7 in Maces & Flails
  2301 | D:2      | HP: 2/46 [poisoned by an adder]
  2302 | D:2      | Slain by an adder

Vault maps used:
D:1:      giann_horns, minmay_misc_feat_doors
D:2:      grunt_temple_overflow_opulence, lemuel_coloured_pillars_altar,
          first_ration
D:3:      lemuel_doored_altar, uniq_grinder

Skill      XL: |  1  2  3  4  5 |
---------------+----------------+-----
Maces & Flails | 4 5 6 7 |  7.0
Fighting       | |  3.9
Armour         | |  2.5
Dodging        | |  2.3

Action                   |  1- 3 |  4- 6 || total
-------------------------+-------+-------++-------
Melee: Mace              |    73 |    56 ||   129
       Headbutt          |    12 |     8 ||    20
 Fire: Hunting sling     |     5 |     4 ||     9
Invok: Berserk           |     1 |     1 ||     2
       Trog's Hand       |       |     1 ||     1
  Eat: Chunk             |     2 |     4 ||     6
Armor: Ring mail         |    32 |    20 ||    52
Dodge: Dodged            |    45 |    37 ||    82
Block: Other             |       |     2 ||     2

Table legend:
 A = Spawn XP
 B = Non-spawn XP
 C = Spawn XP percentage of total XP
 D = Spawn monster count
 E = Non-spawn monster count
 F = Spawn count percentage of total count
 G = Total turns spent on level
                    A         B        C        D         E        F      G
               +---------+---------+-------+---------+---------+-------+---------
         Total |       0 |     236 |   0.0 |       0 |      57 |   0.0 |  2302
               +---------+---------+-------+---------+---------+-------+---------
           D:1 |       0 |      56 |   0.0 |       0 |      26 |   0.0 |   599
           D:2 |       0 |      92 |   0.0 |       0 |      18 |   0.0 |  1095
           D:3 |       0 |      88 |   0.0 |       0 |      13 |   0.0 |   608
               +---------+---------+-------+---------+---------+-------+---------
